Blackhawks vs Predators
(R1)
Created - December 27, 2022 at 19:25
Goals
|
| Blackhawks |
1 |
0 |
0 |
0 |
2 |
2 |
| Predators |
0 |
0 |
1 |
0 |
0 |
1 |
|
Shots
|
| Blackhawks |
9 |
5 |
19 |
1 |
3 |
34 |
| Predators |
7 |
16 |
2 |
0 |
2 |
25 |
|
1st period
1. Blackhawks , Johnny Gaudreau 12 (Jakob Silfverberg 16, Jordan Staal 15) at 10:12 (PP)
Penalties :
Andy Miele (Nas) for Tripping (Minor) at 2:29, Jordan Staal (Chi) for Hooking (Minor) at 2:34, Blake Wheeler (Chi) for Cross-checking (Minor) at 7:50, Justin Faulk (Nas) for Cross-checking (Minor) at 10:05
2nd period
No Goal
Penalties :
Jakob Silfverberg (Chi) for Holding Stick (Minor) at 0:22, Derek Roy (Chi) for Holding Stick (Minor) at 1:48, Nicolas Kerdiles (Nas) for Holding (Minor) at 8:18, Calvin de Haan (Chi) for Hooking (Minor) at 14:52, Josh Morrissey (Nas) for Tripping (Minor) at 18:53
3rd period
2. Predators , Alexander Edler 2 (Mikael Granlund 15, Andy Miele 13) at 19:37
Penalties :
Jordan Staal (Chi) for Hooking (Minor) at 1:49, John Moore (Nas) for Interference (Minor) at 4:25
Overtime #1
No Goal
Penalties :
No Penalty
Shootout
Blackhawks, Johnny Gaudreau - Goal!
Predators, Alexander Ovechkin - Stopped by Tuukka Rask
Blackhawks, Jakob Silfverberg - Stopped by Kari Lehtonen
Predators, Mikael Granlund - Shot Misses the Net
Blackhawks, Antoine Roussel - Goal!
Penalties :
No Penalty
Goalie Stats
Tuukka Rask (Chi), 24 saves from 25 shots - (0.960), W, 13-6-2, 65:00 minutes
Kari Lehtonen (Nas), 33 saves from 34 shots - (0.971), OTL, 10-8-2, 64:30 minutes
Players Stats for Blackhawks
Player Name G A P +/- PIM S H SB GA TA FO MP PP MP PK MP
------------------------------------------------------------------------------------
Antoine Roussel 0 0 0 0 0 2 2 0 2 0 0/0 21:41 2:44 3:14
Ben Harpur 0 0 0 -1 0 0 0 1 0 0 0/0 2:35 0:00 0:00
Blake Wheeler 0 0 0 0 2 0 4 0 0 0 0/0 13:22 0:00 0:00
Brett Maclean 0 0 0 0 0 1 0 0 0 1 0/0 11:05 0:00 0:11
Calvin de Haan 0 0 0 0 2 0 0 1 0 0 0/0 12:01 0:00 0:00
Corey Perry 0 0 0 0 0 2 1 1 0 0 4/6 19:38 2:44 1:55
Derek Roy 0 0 0 0 2 4 0 0 0 0 6/15 22:33 2:44 2:47
Jakob Silfverberg 0 1 1 -1 2 4 0 1 1 1 0/0 20:00 3:25 0:21
James Wright 0 0 0 0 0 2 0 0 0 0 2/7 11:16 0:00 0:15
Jamie McBain 0 0 0 0 0 3 2 4 2 2 0/0 30:21 4:06 5:37
Johnny Gaudreau 1 0 1 -1 0 3 0 0 2 0 2/2 24:48 3:25 5:08
Jordan Staal 0 1 1 -1 4 5 2 2 0 0 14/35 23:46 3:24 4:29
Nick Bonino 0 0 0 0 0 0 0 0 0 0 1/3 4:45 0:00 0:00
Petter Granberg 0 0 0 0 0 2 0 1 0 0 0/0 11:40 0:00 0:00
Radko Gudas 0 0 0 -1 0 2 0 1 0 0 0/0 29:36 4:06 5:37
Raphael Diaz 0 0 0 0 0 2 1 0 1 1 0/0 22:04 2:03 3:50
Sean Zimmerman 0 0 0 0 0 2 0 1 0 0 0/0 22:04 2:03 3:50
Stefan Matteau 0 0 0 0 0 0 2 0 0 0 0/0 4:45 0:00 0:00
Players Stats for Predators
Player Name G A P +/- PIM S H SB GA TA FO MP PP MP PK MP
------------------------------------------------------------------------------------
Alexander Edler 1 0 1 1 0 1 0 1 1 2 0/0 29:29 5:24 1:41
Alexander Ovechkin 0 0 0 1 0 3 1 0 1 0 0/0 23:22 5:47 0:39
Andy Miele 0 1 1 1 2 0 0 0 1 1 15/28 21:52 5:52 1:37
Jack Eichel 0 0 0 0 0 4 0 1 0 0 12/15 16:55 3:35 0:00
Jaden Schwartz 0 0 0 0 0 4 3 0 0 0 5/11 21:39 3:35 4:17
John Moore 0 0 0 0 2 0 3 2 0 1 0/0 23:56 4:03 2:53
Josh Morrissey 0 0 0 0 2 0 0 1 0 0 0/0 11:17 0:00 0:00
Justin Abdelkader 0 0 0 0 0 0 0 0 0 0 0/0 2:31 0:00 0:00
Justin Faulk 0 0 0 0 2 1 0 3 0 0 0/0 25:00 4:03 4:21
Mark Pysyk 0 0 0 0 0 1 1 0 0 0 0/1 12:16 0:00 4:17
Matt Stajan 0 0 0 0 0 2 0 0 0 0 0/0 7:15 0:00 0:00
Mikael Granlund 0 1 1 1 0 3 3 0 1 1 3/5 22:15 5:52 0:00
Mike Brown 0 0 0 0 0 0 3 1 0 0 0/0 9:55 0:00 0:32
Nate Schmidt 0 0 0 0 0 0 0 1 0 1 0/0 11:40 0:00 1:42
Nicolas Kerdiles 0 0 0 0 2 2 2 1 1 1 1/1 15:21 0:05 0:56
Reilly Smith 0 0 0 0 0 3 3 0 0 1 0/1 15:03 3:35 0:00
Ryan Mcdonagh 0 0 0 1 0 1 1 2 0 0 0/0 29:43 5:24 1:41
Scott Laughton 0 0 0 0 0 0 1 1 0 0 3/6 12:23 0:00 0:00
3 Stars
1 - Kari Lehtonen (Nas)
2 - Tuukka Rask (Chi)
3 - Alexander Edler (Nas)
Power Play
Blackhawks - 1 on 5 Attempt(s) - 20.00%
Predators - 0 on 6 Attempt(s) - 0.00%
Penalty Kill
Blackhawks - 6 on 6 Attempt(s) - 100.00%
- Score 0 goal in Penalty Kill
Predators - 4 on 5 Attempt(s) - 80.00%
- Score 0 goal in Penalty Kill
Team Stat
Blackhawks - Hits : 14 - Faceoff Wins : 29 - Blocked Shots : 13 - Penalty Minutes : 12
Predators - Hits : 21 - Faceoff Wins : 39 - Blocked Shots : 14 - Penalty Minutes : 10
Official
Referees : Dan O'Rourke and Beaudry Halkidis
Linesman : Ryan Daisy and Bryan Pancich
Game Notes
Justin Abdelkader is injured at 18:48 of 1st period (Left Leg)
Finance
Level 1 -- Attendance: 5670 (94.50%) -- Ticket Income $567,000
Level 2 -- Attendance: 4611 (92.22%) -- Ticket Income $276,660
Level 3 -- Attendance: 1980 (99.00%) -- Ticket Income $69,300
Level 4 -- Attendance: 3889 (97.23%) -- Ticket Income $97,225
Luxury Box -- Attendance: 900 (90.00%) -- Ticket Income $180,000
Game was played at the Bridgestone arena.
Total Attendance: 17050 (94.72%)
Total Ticket Income: $1,190,185
Other Income: $178,528
Total Income: $1,368,713
Blackhawks
5 vs 5 Forward
Center Left Wing Right Wing Time % Phy DF OF
1 Jordan Staal Johnny Gaudreau Jakob Silfverberg 40 1 2 2
2 Derek Roy Antoine Roussel Corey Perry 30 1 2 2
3 James Wright Brett Maclean Blake Wheeler 20 1 2 2
4 Nick Bonino Stefan Matteau Jakob Silfverberg 10 1 2 2
5 vs 5 Defense
Defense Defense Time % Phy DF OF
1 Jamie McBain Radko Gudas 40 1 2 2
2 Raphael Diaz Sean Zimmerman 30 1 2 2
3 Calvin de Haan Petter Granberg 20 1 2 2
4 Ben Harpur Jamie McBain 10 1 2 2
PowerPlay Forward
Center Left Wing Right Wing Time % Phy DF OF
1 Jordan Staal Johnny Gaudreau Jakob Silfverberg 60 1 2 2
2 Derek Roy Antoine Roussel Corey Perry 40 1 2 2
PowerPlay Defense
Defense Defense Time % Phy DF OF
1 Jamie McBain Radko Gudas 60 1 2 2
2 Raphael Diaz Sean Zimmerman 40 1 2 2
Penalty Kill 4 Players Forward
Center Wing Time % Phy DF OF
1 Jordan Staal Johnny Gaudreau 60 1 2 2
2 Derek Roy Antoine Roussel 40 1 2 2
Penalty Kill 4 Players Defense
Defense Defense Time % Phy DF OF
1 Jamie McBain Radko Gudas 60 1 2 2
2 Raphael Diaz Sean Zimmerman 40 1 2 2
Penalty Kill - 3 Players Forward
Forward Time % Phy DF OF
1 Jordan Staal 60 1 2 2
2 Derek Roy 40 1 2 2
Penalty Kill - 3 Players Defense
Defense Defense Time % Phy DF OF
1 Jamie McBain Radko Gudas 60 1 2 2
2 Raphael Diaz Sean Zimmerman 40 1 2 2
4 vs 4 Forward
Center Wing Time % Phy DF OF
1 Jordan Staal Johnny Gaudreau 60 1 2 2
2 Derek Roy Antoine Roussel 40 1 2 2
4 vs 4 Defense
Defense Defense Time % Phy DF OF
1 Jamie McBain Radko Gudas 60 1 2 2
2 Raphael Diaz Sean Zimmerman 40 1 2 2
Last Minutes Offensive
Center Left Wing Right Wing Defense Defense
Jordan Staal Johnny Gaudreau Jakob Silfverberg Jamie McBain Radko Gudas
Last Minutes Defensive
Center Left Wing Right Wing Defense Defense
Jordan Staal Johnny Gaudreau Jakob Silfverberg Jamie McBain Radko Gudas
Goaltenders
Starting : Tuukka Rask
Backup : Joe Cannata
Extra Forwards
Normal : Corey Perry, Derek Roy, Blake Wheeler - PP : Corey Perry, Derek Roy - PK : Corey Perry
Extra Defensemen
Normal : Calvin de Haan, Petter Granberg, Ben Harpur - PP : Calvin de Haan - PK : Calvin de Haan, Petter Granberg
Penalty Shots
Johnny Gaudreau, Jakob Silfverberg, Antoine Roussel, Jordan Staal, Corey Perry
Scratches
None
Predators
5 vs 5 Forward
Center Left Wing Right Wing Time % Phy DF OF
1 Andy Miele Alexander Ovechkin Mikael Granlund 40 1 2 2
2 Jack Eichel Jaden Schwartz Reilly Smith 30 1 2 2
3 Scott Laughton Nicolas Kerdiles Mike Brown 20 1 2 2
4 Matt Stajan Justin Abdelkader Mark Pysyk 10 1 2 2
5 vs 5 Defense
Defense Defense Time % Phy DF OF
1 Ryan Mcdonagh Alexander Edler 40 1 2 2
2 John Moore Justin Faulk 30 1 2 2
3 Nate Schmidt Josh Morrissey 20 1 2 2
4 Ryan Mcdonagh Alexander Edler 10 1 2 2
PowerPlay Forward
Center Left Wing Right Wing Time % Phy DF OF
1 Andy Miele Alexander Ovechkin Mikael Granlund 60 1 1 3
2 Jack Eichel Jaden Schwartz Reilly Smith 40 1 1 3
PowerPlay Defense
Defense Defense Time % Phy DF OF
1 Ryan Mcdonagh Alexander Edler 60 1 2 2
2 John Moore Justin Faulk 40 1 2 2
Penalty Kill 4 Players Forward
Center Wing Time % Phy DF OF
1 Jaden Schwartz Mark Pysyk 60 1 2 2
2 Andy Miele Nicolas Kerdiles 40 1 2 2
Penalty Kill 4 Players Defense
Defense Defense Time % Phy DF OF
1 John Moore Justin Faulk 60 1 1 3
2 Ryan Mcdonagh Alexander Edler 40 1 1 3
Penalty Kill - 3 Players Forward
Forward Time % Phy DF OF
1 Jaden Schwartz 60 1 2 2
2 Mark Pysyk 40 1 2 2
Penalty Kill - 3 Players Defense
Defense Defense Time % Phy DF OF
1 Ryan Mcdonagh Alexander Edler 60 1 1 3
2 John Moore Justin Faulk 40 1 1 3
4 vs 4 Forward
Center Wing Time % Phy DF OF
1 Mikael Granlund Alexander Ovechkin 60 1 2 2
2 Jack Eichel Jaden Schwartz 40 1 2 2
4 vs 4 Defense
Defense Defense Time % Phy DF OF
1 Ryan Mcdonagh Alexander Edler 60 1 2 2
2 John Moore Justin Faulk 40 1 2 2
Last Minutes Offensive
Center Left Wing Right Wing Defense Defense
Andy Miele Alexander Ovechkin Mikael Granlund Ryan Mcdonagh Alexander Edler
Last Minutes Defensive
Center Left Wing Right Wing Defense Defense
Andy Miele Alexander Ovechkin Mikael Granlund Ryan Mcdonagh Alexander Edler
Goaltenders
Starting : Kari Lehtonen
Backup : Jaroslav Halak
Extra Forwards
Normal : Nicolas Kerdiles, Scott Laughton, Mark Pysyk - PP : Matt Stajan, Justin Abdelkader - PK : Mike Brown
Extra Defensemen
Normal : Josh Morrissey, Nate Schmidt, John Moore - PP : Josh Morrissey - PK : Nate Schmidt, Josh Morrissey
Penalty Shots
Alexander Ovechkin, Mikael Granlund, Jaden Schwartz, Reilly Smith, Ryan Mcdonagh
Scratches
None
% Time on Ice - Blackhawks
Lines # - Real PCT - Wanted PCT - Time Play
Normal Forward
1 - 33% - 40% - 13:38
2 - 33% - 30% - 13:42
3 - 23% - 20% - 9:33
4 - 11% - 10% - 4:45
Normal Defense
1 - 35% - 40% - 14:40
2 - 33% - 30% - 13:38
3 - 28% - 20% - 11:40
4 - 4% - 10% - 1:40
PP Forward
1 - 56% - 60% - 3:25
2 - 44% - 40% - 2:44
PP Defense
1 - 67% - 60% - 4:06
2 - 33% - 40% - 2:03
PK Forward
1 - 75% - 60% - 6:42
2 - 25% - 40% - 2:12
PK Defense
1 - 57% - 60% - 5:04
2 - 43% - 40% - 3:50
PK3 Forward
1 - 100% - 60% - 0:33
2 - 0% - 40% - 0:00
PK3 Defense
1 - 100% - 60% - 0:33
2 - 0% - 40% - 0:00
44 Forward
1 - 82% - 60% - 5:40
2 - 18% - 40% - 1:14
44 Defense
1 - 64% - 60% - 4:24
2 - 36% - 40% - 2:30
Last Minute Offensive - 0:00
Last Minute Defensive - 0:52
Total
Forward - 65:00
Defense - 65:00
|
% Time on Ice - Predators
Lines # - Real PCT - Wanted PCT - Time Play
Normal Forward
1 - 30% - 40% - 12:39
2 - 30% - 30% - 12:36
3 - 22% - 20% - 9:23
4 - 17% - 10% - 7:15
Normal Defense
1 - 37% - 40% - 15:22
2 - 36% - 30% - 15:07
3 - 23% - 20% - 9:45
4 - 4% - 10% - 1:39
PP Forward
1 - 62% - 60% - 5:52
2 - 38% - 40% - 3:35
PP Defense
1 - 57% - 60% - 5:24
2 - 43% - 40% - 4:03
PK Forward
1 - 77% - 60% - 4:45
2 - 23% - 40% - 1:24
PK Defense
1 - 73% - 60% - 4:28
2 - 27% - 40% - 1:41
PK3 Forward
1 - 0% - 60%
2 - 0% - 40%
PK3 Defense
1 - 0% - 60%
2 - 0% - 40%
44 Forward
1 - 73% - 60% - 5:02
2 - 27% - 40% - 1:52
44 Defense
1 - 60% - 60% - 4:09
2 - 40% - 40% - 2:45
Last Minute Offensive - 0:37
Last Minute Defensive - 0:00
Total
Forward - 65:00
Defense - 65:00
|
Play-by-Play
1st period
0:01 of 1st period - Jordan Staal wins face-off versus Andy Miele in neutral zone.
0:06 of 1st period - Slapshot by Jamie McBain.
0:06 of 1st period - Stopped by Kari Lehtonen without a rebound.
0:07 of 1st period - Andy Miele wins face-off versus Jordan Staal in Predators zone.
0:15 of 1st period - Off-side.
0:16 of 1st period - Derek Roy wins face-off versus Jaden Schwartz in neutral zone.
0:43 of 1st period - Justin Faulk is hit by Stefan Matteau and loses puck.
0:54 of 1st period - Snap shot by Jakob Silfverberg.
0:54 of 1st period - Stopped by Kari Lehtonen without a rebound.
0:55 of 1st period - Scott Laughton wins face-off versus James Wright in Predators zone.
0:55 of 1st period - Scott Laughton is hit by Blake Wheeler.
1:01 of 1st period - James Wright is hit by Scott Laughton and loses puck.
1:14 of 1st period - Icing by Nate Schmidt.
1:15 of 1st period - Scott Laughton wins face-off versus Jordan Staal in Predators zone.
1:15 of 1st period - Scott Laughton is hit by Jordan Staal.
1:29 of 1st period - Wrist shot by Jordan Staal.
1:29 of 1st period - Stopped by Kari Lehtonen with a rebound.
1:55 of 1st period - Slapshot by Brett Maclean.
1:55 of 1st period - Shot Blocked by Josh Morrissey.
1:57 of 1st period - Snap shot by James Wright.
1:57 of 1st period - Stopped by Kari Lehtonen without a rebound.
1:58 of 1st period - Derek Roy wins face-off versus Andy Miele in Predators zone.
2:29 of 1st period - Minor Penalty to Andy Miele for Tripping.
2:30 of 1st period - Jaden Schwartz wins face-off versus Jordan Staal in Predators zone.
2:34 of 1st period - Minor Penalty to Jordan Staal for Hooking.
2:35 of 1st period - Corey Perry wins face-off versus Mikael Granlund in Blackhawks zone.
4:29 of 1st period - Penalty to Andy Miele is over, Andy Miele is back on ice.
4:34 of 1st period - Penalty to Jordan Staal is over, Jordan Staal is back on ice.
5:34 of 1st period - Wrist shot by Mikael Granlund.
5:34 of 1st period - Stopped by Tuukka Rask without a rebound.
5:35 of 1st period - Jack Eichel wins face-off versus James Wright in Blackhawks zone.
5:38 of 1st period - Snap shot by Jack Eichel.
5:38 of 1st period - Shot Misses the Net.
5:40 of 1st period - Snap shot by Ryan Mcdonagh.
5:40 of 1st period - Stopped by Tuukka Rask with a rebound.
6:14 of 1st period - Off-side.
6:15 of 1st period - Nick Bonino wins face-off versus Jack Eichel in neutral zone.
6:17 of 1st period - Off-side.
6:18 of 1st period - Jack Eichel wins face-off versus Nick Bonino in neutral zone.
6:26 of 1st period - Off-side.
6:27 of 1st period - Jack Eichel wins face-off versus Jordan Staal in neutral zone.
7:05 of 1st period - Snap shot by Matt Stajan.
7:05 of 1st period - Shot Misses the Net.
7:13 of 1st period - Ryan Mcdonagh is hit by Blake Wheeler and loses puck.
7:48 of 1st period - Slapshot by Matt Stajan.
7:48 of 1st period - Stopped by Tuukka Rask with a rebound.
7:50 of 1st period - Minor Penalty to Blake Wheeler for Cross-checking.
7:51 of 1st period - Jordan Staal wins face-off versus Andy Miele in Blackhawks zone.
7:51 of 1st period - Jordan Staal is hit by Mikael Granlund.
8:17 of 1st period - Radko Gudas is hit by Jaden Schwartz and loses puck.
8:53 of 1st period - Raphael Diaz is hit by Reilly Smith and loses puck.
9:50 of 1st period - Penalty to Blake Wheeler is over, Blake Wheeler is back on ice.
10:05 of 1st period - Minor Penalty to Justin Faulk for Cross-checking.
10:06 of 1st period - Jordan Staal wins face-off versus Jaden Schwartz in Predators zone.
10:12 of 1st period - Slapshot by Johnny Gaudreau.
10:12 of 1st period - Goal by Johnny Gaudreau - Blackhawks : 1 - Predators : 0.
10:13 of 1st period - Andy Miele wins face-off versus Derek Roy in neutral zone.
10:44 of 1st period - Snap shot by Jaden Schwartz.
10:44 of 1st period - Stopped by Tuukka Rask with a rebound.
10:46 of 1st period - Wrist shot by Jaden Schwartz.
10:46 of 1st period - Deflect By Jack Eichel.
10:46 of 1st period - Shot Blocked by Jamie McBain.
10:46 of 1st period - Puck is out of play.
10:47 of 1st period - Jack Eichel wins face-off versus Jordan Staal in Blackhawks zone.
10:50 of 1st period - Backhand shot by Justin Faulk.
10:50 of 1st period - Shot Blocked by Sean Zimmerman.
10:52 of 1st period - Slapshot by John Moore.
10:52 of 1st period - Shot Misses the Net.
10:54 of 1st period - Wrist shot by Reilly Smith.
10:54 of 1st period - Stopped by Tuukka Rask without a rebound.
10:55 of 1st period - Johnny Gaudreau wins face-off versus Andy Miele in Blackhawks zone.
11:09 of 1st period - Slapshot by Jordan Staal.
11:09 of 1st period - Shot Blocked by John Moore.
11:20 of 1st period - Off-side.
11:21 of 1st period - Derek Roy wins face-off versus Jack Eichel in neutral zone.
11:24 of 1st period - Slapshot by Derek Roy.
11:24 of 1st period - Shot Blocked by Jack Eichel.
11:34 of 1st period - Slapshot by Jamie McBain.
11:34 of 1st period - Shot Blocked by Alexander Edler.
11:36 of 1st period - Snap shot by Derek Roy.
11:36 of 1st period - Stopped by Kari Lehtonen with a rebound.
11:38 of 1st period - Wrist shot by Derek Roy.
11:38 of 1st period - Stopped by Kari Lehtonen without a rebound.
11:39 of 1st period - Jordan Staal wins face-off versus Andy Miele in Predators zone.
11:48 of 1st period - Wrist shot by Jakob Silfverberg.
11:48 of 1st period - Shot Misses the Net.
12:06 of 1st period - Derek Roy is hit by Jaden Schwartz and loses puck.
12:28 of 1st period - Off-side.
12:29 of 1st period - Scott Laughton wins face-off versus James Wright in neutral zone.
14:00 of 1st period - Ryan Mcdonagh is hit by Jamie McBain and loses puck.
14:23 of 1st period - Wrist shot by Antoine Roussel.
14:23 of 1st period - Deflect By Derek Roy.
14:23 of 1st period - Stopped by Kari Lehtonen without a rebound.
14:24 of 1st period - Andy Miele wins face-off versus Derek Roy in Predators zone.
14:29 of 1st period - Slapshot by Justin Faulk.
14:29 of 1st period - Deflect By Raphael Diaz.
14:29 of 1st period - Stopped by Tuukka Rask with a rebound.
14:42 of 1st period - Justin Faulk is hit by Antoine Roussel and loses puck.
15:18 of 1st period - Nicolas Kerdiles is hit by Jamie McBain and loses puck.
15:29 of 1st period - Jamie McBain is hit by Mike Brown and loses puck.
15:42 of 1st period - Wrist shot by Jakob Silfverberg.
15:42 of 1st period - Stopped by Kari Lehtonen with a rebound.
16:36 of 1st period - Snap shot by Mike Brown.
16:36 of 1st period - Shot Misses the Net.
17:43 of 1st period - Petter Granberg is hit by John Moore and loses puck.
17:50 of 1st period - Slapshot by Radko Gudas.
17:50 of 1st period - Shot Blocked by Nicolas Kerdiles.
18:14 of 1st period - Backhand shot by Alexander Ovechkin.
18:14 of 1st period - Shot Blocked by Jamie McBain.
18:30 of 1st period - Corey Perry is hit by Jaden Schwartz and loses puck.
18:47 of 1st period - Justin Abdelkader is hit by Blake Wheeler and loses puck.
18:48 of 1st period - Justin Abdelkader from Predators is injured at 18:48 of 1st period (Left Leg).
18:49 of 1st period - Jordan Staal wins face-off versus Andy Miele in Predators zone.
19:16 of 1st period - Jaden Schwartz is hit by Antoine Roussel and loses puck.
19:25 of 1st period - Slapshot by Jaden Schwartz.
19:25 of 1st period - Stopped by Tuukka Rask without a rebound.
19:26 of 1st period - Andy Miele wins face-off versus Jordan Staal in Blackhawks zone.
Goals for this period are 1 for Blackhawks vs 0 for Predators.
Shots for this period are 9 for Blackhawks vs 7 for Predators.
2nd period
0:01 of 2nd period - Andy Miele wins face-off versus Jordan Staal in neutral zone.
0:22 of 2nd period - Minor Penalty to Jakob Silfverberg for Holding Stick.
0:23 of 2nd period - Andy Miele wins face-off versus Jordan Staal in Blackhawks zone.
0:56 of 2nd period - Wrist shot by Reilly Smith.
0:56 of 2nd period - Stopped by Tuukka Rask without a rebound.
0:57 of 2nd period - Jack Eichel wins face-off versus Derek Roy in Blackhawks zone.
1:10 of 2nd period - Raphael Diaz is hit by John Moore.
1:28 of 2nd period - Slapshot by Mikael Granlund.
1:28 of 2nd period - Stopped by Tuukka Rask without a rebound.
1:29 of 2nd period - Mikael Granlund wins face-off versus Derek Roy in Blackhawks zone.
1:30 of 2nd period - Wrist shot by Alexander Ovechkin.
1:30 of 2nd period - Stopped by Tuukka Rask without a rebound.
1:31 of 2nd period - Derek Roy wins face-off versus Andy Miele in Blackhawks zone.
1:46 of 2nd period - Snap shot by Mikael Granlund.
1:46 of 2nd period - Shot Blocked by Jamie McBain.
1:48 of 2nd period - Minor Penalty to Derek Roy for Holding Stick.
1:49 of 2nd period - Mikael Granlund wins face-off versus Jordan Staal in Blackhawks zone.
2:00 of 2nd period - Backhand shot by Radko Gudas.
2:00 of 2nd period - Stopped by Kari Lehtonen without a rebound.
2:01 of 2nd period - Jordan Staal wins face-off versus Andy Miele in Predators zone.
2:08 of 2nd period - Wrist shot by Jordan Staal.
2:08 of 2nd period - Stopped by Kari Lehtonen without a rebound.
2:09 of 2nd period - Jordan Staal wins face-off versus Andy Miele in Predators zone.
2:22 of 2nd period - Penalty to Jakob Silfverberg is over, Jakob Silfverberg is back on ice.
2:42 of 2nd period - Snap shot by Mikael Granlund.
2:42 of 2nd period - Stopped by Tuukka Rask without a rebound.
2:43 of 2nd period - Jack Eichel wins face-off versus Jordan Staal in Blackhawks zone.
2:46 of 2nd period - Snap shot by Jaden Schwartz.
2:46 of 2nd period - Stopped by Tuukka Rask without a rebound.
2:47 of 2nd period - Jack Eichel wins face-off versus Jordan Staal in Blackhawks zone.
2:52 of 2nd period - Slapshot by Jack Eichel.
2:52 of 2nd period - Stopped by Tuukka Rask with a rebound.
2:54 of 2nd period - Slapshot by John Moore.
2:54 of 2nd period - Shot Blocked by Jordan Staal.
3:18 of 2nd period - Snap shot by Alexander Ovechkin.
3:18 of 2nd period - Stopped by Tuukka Rask without a rebound.
3:19 of 2nd period - Andy Miele wins face-off versus Corey Perry in Blackhawks zone.
3:24 of 2nd period - Snap shot by Andy Miele.
3:24 of 2nd period - Shot Misses the Net.
3:48 of 2nd period - Penalty to Derek Roy is over, Derek Roy is back on ice.
4:36 of 2nd period - Snap shot by Matt Stajan.
4:36 of 2nd period - Stopped by Tuukka Rask with a rebound.
4:50 of 2nd period - Slapshot by Sean Zimmerman.
4:50 of 2nd period - Stopped by Kari Lehtonen with a rebound.
5:10 of 2nd period - Icing by James Wright.
5:11 of 2nd period - Andy Miele wins face-off versus James Wright in Blackhawks zone.
5:32 of 2nd period - Icing by James Wright.
5:33 of 2nd period - Jack Eichel wins face-off versus Jordan Staal in Blackhawks zone.
5:36 of 2nd period - Snap shot by Jack Eichel.
5:36 of 2nd period - Shot Misses the Net.
5:40 of 2nd period - Wrist shot by Jack Eichel.
5:40 of 2nd period - Shot Misses the Net.
5:48 of 2nd period - Wrist shot by Reilly Smith.
5:48 of 2nd period - Shot Misses the Net.
5:50 of 2nd period - Wrist shot by Jack Eichel.
5:50 of 2nd period - Stopped by Tuukka Rask with a rebound.
6:46 of 2nd period - Wrist shot by Jaden Schwartz.
6:46 of 2nd period - Stopped by Tuukka Rask with a rebound.
6:48 of 2nd period - Slapshot by Ryan Mcdonagh.
6:48 of 2nd period - Shot Blocked by Calvin de Haan.
6:50 of 2nd period - Snap shot by Reilly Smith.
6:50 of 2nd period - Shot Misses the Net.
6:52 of 2nd period - Slapshot by Reilly Smith.
6:52 of 2nd period - Stopped by Tuukka Rask with a rebound.
7:13 of 2nd period - Icing by Mike Brown.
7:14 of 2nd period - Andy Miele wins face-off versus Derek Roy in Predators zone.
7:24 of 2nd period - Wrist shot by Alexander Ovechkin.
7:24 of 2nd period - Deflect By Jamie McBain.
7:24 of 2nd period - Stopped by Tuukka Rask without a rebound.
7:25 of 2nd period - Jordan Staal wins face-off versus Andy Miele in Blackhawks zone.
8:18 of 2nd period - Minor Penalty to Nicolas Kerdiles for Holding.
8:19 of 2nd period - Jaden Schwartz wins face-off versus Jordan Staal in Predators zone.
8:19 of 2nd period - Jaden Schwartz is hit by Jordan Staal.
10:18 of 2nd period - Penalty to Nicolas Kerdiles is over, Nicolas Kerdiles is back on ice.
11:45 of 2nd period - Icing by Reilly Smith.
11:46 of 2nd period - Jack Eichel wins face-off versus Jordan Staal in Predators zone.
11:51 of 2nd period - Jamie McBain is hit by Reilly Smith.
12:09 of 2nd period - Wrist shot by Antoine Roussel.
12:09 of 2nd period - Stopped by Kari Lehtonen without a rebound.
12:10 of 2nd period - Nicolas Kerdiles wins face-off versus Derek Roy in Predators zone.
12:19 of 2nd period - Wrist shot by Nicolas Kerdiles.
12:19 of 2nd period - Stopped by Tuukka Rask with a rebound.
12:21 of 2nd period - Wrist shot by Mike Brown.
12:21 of 2nd period - Shot Misses the Net.
13:46 of 2nd period - Wrist shot by Jakob Silfverberg.
13:46 of 2nd period - Shot Misses the Net.
14:12 of 2nd period - Snap shot by Jack Eichel.
14:12 of 2nd period - Stopped by Tuukka Rask without a rebound.
14:13 of 2nd period - Jack Eichel wins face-off versus Jordan Staal in Blackhawks zone.
14:16 of 2nd period - Snap shot by Jaden Schwartz.
14:16 of 2nd period - Shot Misses the Net.
14:43 of 2nd period - Slapshot by Calvin de Haan.
14:43 of 2nd period - Shot Blocked by Justin Faulk.
14:52 of 2nd period - Minor Penalty to Calvin de Haan for Hooking.
14:53 of 2nd period - Andy Miele wins face-off versus Jordan Staal in Blackhawks zone.
15:23 of 2nd period - Snap shot by Jaden Schwartz.
15:23 of 2nd period - Deflect By Jack Eichel.
15:23 of 2nd period - Stopped by Tuukka Rask with a rebound.
16:52 of 2nd period - Penalty to Calvin de Haan is over, Calvin de Haan is back on ice.
16:56 of 2nd period - Derek Roy is hit by Nicolas Kerdiles and loses puck.
17:09 of 2nd period - Snap shot by Nicolas Kerdiles.
17:09 of 2nd period - Stopped by Tuukka Rask with a rebound.
18:17 of 2nd period - Jakob Silfverberg is hit by Mike Brown.
18:53 of 2nd period - Minor Penalty to Josh Morrissey for Tripping.
18:54 of 2nd period - Johnny Gaudreau wins face-off versus Jaden Schwartz in Predators zone.
19:09 of 2nd period - Wrist shot by Johnny Gaudreau.
19:09 of 2nd period - Stopped by Kari Lehtonen with a rebound.
19:27 of 2nd period - Snap shot by Derek Roy.
19:27 of 2nd period - Shot Misses the Net.
19:29 of 2nd period - Snap shot by Derek Roy.
19:29 of 2nd period - Shot Misses the Net.
19:39 of 2nd period - Justin Faulk is hit by Raphael Diaz and loses puck.
Goals for this period are 0 for Blackhawks vs 0 for Predators.
Shots for this period are 5 for Blackhawks vs 16 for Predators.
3rd period
0:01 of 3rd period - Jordan Staal wins face-off versus Jaden Schwartz in neutral zone.
0:34 of 3rd period - Wrist shot by Jamie McBain.
0:34 of 3rd period - Shot Blocked by Justin Faulk.
0:53 of 3rd period - Penalty to Josh Morrissey is over, Josh Morrissey is back on ice.
1:19 of 3rd period - Ryan Mcdonagh is hit by Corey Perry and loses puck.
1:36 of 3rd period - Wrist shot by Nicolas Kerdiles.
1:36 of 3rd period - Deflect By Andy Miele.
1:36 of 3rd period - Shot Misses the Net.
1:36 of 3rd period - Puck is out of play.
1:37 of 3rd period - Jack Eichel wins face-off versus Jordan Staal in Blackhawks zone.
1:49 of 3rd period - Minor Penalty to Jordan Staal for Hooking.
1:50 of 3rd period - Derek Roy wins face-off versus Andy Miele in Blackhawks zone.
1:58 of 3rd period - Derek Roy is hit by Mikael Granlund and loses puck.
2:10 of 3rd period - Icing by Ryan Mcdonagh.
2:11 of 3rd period - Andy Miele wins face-off versus James Wright in Predators zone.
2:32 of 3rd period - Slapshot by Andy Miele.
2:32 of 3rd period - Deflect By Alexander Ovechkin.
2:32 of 3rd period - Shot Misses the Net.
2:32 of 3rd period - Puck is out of play.
2:33 of 3rd period - Corey Perry wins face-off versus Jack Eichel in Blackhawks zone.
2:50 of 3rd period - Snap shot by Jaden Schwartz.
2:50 of 3rd period - Deflect By Jack Eichel.
2:50 of 3rd period - Shot Blocked by Corey Perry.
2:50 of 3rd period - Puck is out of play.
2:51 of 3rd period - Andy Miele wins face-off versus Corey Perry in Blackhawks zone.
3:49 of 3rd period - Penalty to Jordan Staal is over, Jordan Staal is back on ice.
4:01 of 3rd period - Snap shot by Blake Wheeler.
4:01 of 3rd period - Shot Misses the Net.
4:07 of 3rd period - Raphael Diaz is hit by Ryan Mcdonagh and loses puck.
4:20 of 3rd period - Slapshot by Raphael Diaz.
4:20 of 3rd period - Stopped by Kari Lehtonen with a rebound.
4:22 of 3rd period - Snap shot by Nick Bonino.
4:22 of 3rd period - Deflect By Jakob Silfverberg.
4:22 of 3rd period - Stopped by Kari Lehtonen without a rebound.
4:23 of 3rd period - Jack Eichel wins face-off versus Nick Bonino in Predators zone.
4:25 of 3rd period - Minor Penalty to John Moore for Interference.
4:26 of 3rd period - Jaden Schwartz wins face-off versus Jordan Staal in Predators zone.
4:38 of 3rd period - Wrist shot by Jordan Staal.
4:38 of 3rd period - Stopped by Kari Lehtonen without a rebound.
4:39 of 3rd period - Jordan Staal wins face-off versus Jaden Schwartz in Predators zone.
4:42 of 3rd period - Snap shot by Johnny Gaudreau.
4:42 of 3rd period - Shot Blocked by Nate Schmidt.
4:44 of 3rd period - Slapshot by Jamie McBain.
4:44 of 3rd period - Shot Misses the Net.
4:46 of 3rd period - Slapshot by Jamie McBain.
4:46 of 3rd period - Stopped by Kari Lehtonen without a rebound.
4:47 of 3rd period - Jordan Staal wins face-off versus Jaden Schwartz in Predators zone.
5:30 of 3rd period - Backhand shot by Johnny Gaudreau.
5:30 of 3rd period - Stopped by Kari Lehtonen with a rebound.
5:34 of 3rd period - Snap shot by Johnny Gaudreau.
5:34 of 3rd period - Shot Blocked by Ryan Mcdonagh.
5:36 of 3rd period - Slapshot by Radko Gudas.
5:36 of 3rd period - Stopped by Kari Lehtonen without a rebound.
5:37 of 3rd period - Jaden Schwartz wins face-off versus Derek Roy in Predators zone.
5:46 of 3rd period - Slapshot by Sean Zimmerman.
5:46 of 3rd period - Stopped by Kari Lehtonen without a rebound.
5:47 of 3rd period - Jaden Schwartz wins face-off versus Derek Roy in Predators zone.
6:10 of 3rd period - Wrist shot by Corey Perry.
6:10 of 3rd period - Shot Misses the Net.
6:12 of 3rd period - Wrist shot by Antoine Roussel.
6:12 of 3rd period - Shot Misses the Net.
6:14 of 3rd period - Slapshot by Raphael Diaz.
6:14 of 3rd period - Stopped by Kari Lehtonen with a rebound.
6:16 of 3rd period - Snap shot by Sean Zimmerman.
6:16 of 3rd period - Shot Misses the Net.
6:25 of 3rd period - Penalty to John Moore is over, John Moore is back on ice.
6:48 of 3rd period - Wrist shot by Derek Roy.
6:48 of 3rd period - Stopped by Kari Lehtonen without a rebound.
6:49 of 3rd period - Andy Miele wins face-off versus Jordan Staal in Predators zone.
6:56 of 3rd period - Slapshot by Ryan Mcdonagh.
6:56 of 3rd period - Shot Blocked by Jordan Staal.
7:18 of 3rd period - Icing by Mike Brown.
7:19 of 3rd period - James Wright wins face-off versus Scott Laughton in Predators zone.
7:34 of 3rd period - Wrist shot by Blake Wheeler.
7:34 of 3rd period - Shot Blocked by Scott Laughton.
8:09 of 3rd period - Calvin de Haan is hit by Reilly Smith and loses puck.
8:34 of 3rd period - Slapshot by Brett Maclean.
8:34 of 3rd period - Stopped by Kari Lehtonen with a rebound.
8:36 of 3rd period - Slapshot by Jamie McBain.
8:36 of 3rd period - Stopped by Kari Lehtonen without a rebound.
8:37 of 3rd period - James Wright wins face-off versus Andy Miele in Predators zone.
9:03 of 3rd period - Johnny Gaudreau is hit by Nicolas Kerdiles.
9:06 of 3rd period - Off-side.
9:07 of 3rd period - Jordan Staal wins face-off versus Scott Laughton in neutral zone.
9:53 of 3rd period - Slapshot by Johnny Gaudreau.
9:53 of 3rd period - Shot Blocked by John Moore.
9:55 of 3rd period - Snap shot by Jordan Staal.
9:55 of 3rd period - Stopped by Kari Lehtonen with a rebound.
9:57 of 3rd period - Snap shot by Johnny Gaudreau.
9:57 of 3rd period - Shot Blocked by Mike Brown.
9:59 of 3rd period - Slapshot by Jakob Silfverberg.
9:59 of 3rd period - Stopped by Kari Lehtonen with a rebound.
10:01 of 3rd period - Snap shot by Johnny Gaudreau.
10:01 of 3rd period - Shot Misses the Net.
10:03 of 3rd period - Slapshot by Petter Granberg.
10:03 of 3rd period - Stopped by Kari Lehtonen with a rebound.
10:05 of 3rd period - Wrist shot by Jordan Staal.
10:05 of 3rd period - Stopped by Kari Lehtonen with a rebound.
10:11 of 3rd period - Wrist shot by Johnny Gaudreau.
10:11 of 3rd period - Shot Misses the Net.
10:20 of 3rd period - Off-side.
10:21 of 3rd period - Derek Roy wins face-off versus Andy Miele in neutral zone.
10:26 of 3rd period - Snap shot by Antoine Roussel.
10:26 of 3rd period - Shot Misses the Net.
10:28 of 3rd period - Wrist shot by Corey Perry.
10:28 of 3rd period - Deflect By Andy Miele.
10:28 of 3rd period - Shot Misses the Net.
10:28 of 3rd period - Puck is out of play.
10:29 of 3rd period - Andy Miele wins face-off versus Derek Roy in Predators zone.
11:18 of 3rd period - Snap shot by Derek Roy.
11:18 of 3rd period - Shot Misses the Net.
11:20 of 3rd period - Slapshot by Antoine Roussel.
11:20 of 3rd period - Stopped by Kari Lehtonen with a rebound.
11:22 of 3rd period - Slapshot by Radko Gudas.
11:22 of 3rd period - Shot Blocked by Ryan Mcdonagh.
11:24 of 3rd period - Snap shot by Antoine Roussel.
11:24 of 3rd period - Shot Hit the Post.
11:38 of 3rd period - Snap shot by Corey Perry.
11:38 of 3rd period - Stopped by Kari Lehtonen without a rebound.
11:39 of 3rd period - Jordan Staal wins face-off versus Reilly Smith in Predators zone.
12:06 of 3rd period - James Wright is hit by Mike Brown and loses puck.
12:33 of 3rd period - Matt Stajan is hit by Stefan Matteau and loses puck.
13:14 of 3rd period - Derek Roy is hit by Mark Pysyk and loses puck.
14:38 of 3rd period - Wrist shot by Johnny Gaudreau.
14:38 of 3rd period - Shot Blocked by Justin Faulk.
15:24 of 3rd period - Josh Morrissey is hit by Blake Wheeler.
15:53 of 3rd period - Antoine Roussel is hit by Mikael Granlund and loses puck.
16:48 of 3rd period - Wrist shot by Matt Stajan.
16:48 of 3rd period - Shot Misses the Net.
17:06 of 3rd period - Snap shot by Mark Pysyk.
17:06 of 3rd period - Stopped by Tuukka Rask with a rebound.
17:28 of 3rd period - Backhand shot by James Wright.
17:28 of 3rd period - Stopped by Kari Lehtonen without a rebound.
17:29 of 3rd period - Andy Miele wins face-off versus Jordan Staal in Predators zone.
17:40 of 3rd period - Snap shot by Mikael Granlund.
17:40 of 3rd period - Shot Misses the Net.
17:42 of 3rd period - Snap shot by Mikael Granlund.
17:42 of 3rd period - Shot Blocked by Petter Granberg.
18:06 of 3rd period - Backhand shot by Antoine Roussel.
18:06 of 3rd period - Shot Misses the Net.
18:08 of 3rd period - Snap shot by Petter Granberg.
18:08 of 3rd period - Deflect By Alexander Edler.
18:08 of 3rd period - Stopped by Kari Lehtonen with a rebound.
19:07 of 3rd period - Predators, Kari Lehtonen is pulled from the net.
19:11 of 3rd period - Snap shot by Andy Miele.
19:11 of 3rd period - Shot Blocked by Jakob Silfverberg.
19:21 of 3rd period - Snap shot by Mikael Granlund.
19:21 of 3rd period - Shot Misses the Net.
19:25 of 3rd period - Snap shot by Alexander Ovechkin.
19:25 of 3rd period - Shot Misses the Net.
19:29 of 3rd period - Backhand shot by Andy Miele.
19:29 of 3rd period - Shot Blocked by Ben Harpur.
19:31 of 3rd period - Slapshot by Mikael Granlund.
19:31 of 3rd period - Shot Misses the Net.
19:35 of 3rd period - Slapshot by Mikael Granlund.
19:35 of 3rd period - Shot Blocked by Radko Gudas.
19:37 of 3rd period - Slapshot by Alexander Edler.
19:37 of 3rd period - Goal by Alexander Edler - Blackhawks : 1 - Predators : 1.
19:37 of 3rd period - Kari Lehtonen from Predators was sent back in the game.
19:38 of 3rd period - Corey Perry wins face-off versus Scott Laughton in neutral zone.
Goals for this period are 0 for Blackhawks vs 1 for Predators.
Shots for this period are 19 for Blackhawks vs 2 for Predators.
Overtime #1
0:01 of 1st overtime period - Mikael Granlund wins face-off versus Jordan Staal in neutral zone.
2:40 of 1st overtime period - Icing by Nate Schmidt.
2:41 of 1st overtime period - Corey Perry wins face-off versus Mark Pysyk in Predators zone.
2:48 of 1st overtime period - Wrist shot by Corey Perry.
2:48 of 1st overtime period - Stopped by Kari Lehtonen without a rebound.
2:49 of 1st overtime period - Jordan Staal wins face-off versus Mikael Granlund in Predators zone.
3:17 of 1st overtime period - Raphael Diaz is hit by Alexander Ovechkin and loses puck.
3:48 of 1st overtime period - Slapshot by Jaden Schwartz.
3:48 of 1st overtime period - Shot Blocked by Jamie McBain.
3:50 of 1st overtime period - Snap shot by Jaden Schwartz.
3:50 of 1st overtime period - Shot Misses the Net.
4:12 of 1st overtime period - Blake Wheeler is hit by John Moore and loses puck.
Goals for this period are 0 for Blackhawks vs 0 for Predators.
Shots for this period are 1 for Blackhawks vs 0 for Predators.
ShootOut
5:00 of 1st overtime period - Round #1.
5:00 of 1st overtime period - Blackhawks, Johnny Gaudreau.
5:00 of 1st overtime period - Deke by Johnny Gaudreau.
5:00 of 1st overtime period - Goal by Johnny Gaudreau.
5:00 of 1st overtime period - Predators, Alexander Ovechkin.
5:00 of 1st overtime period - Deke by Alexander Ovechkin.
5:00 of 1st overtime period - Stopped by Tuukka Rask.
5:00 of 1st overtime period - Round #2.
5:00 of 1st overtime period - Blackhawks, Jakob Silfverberg.
5:00 of 1st overtime period - Backhand shot by Jakob Silfverberg.
5:00 of 1st overtime period - Stopped by Kari Lehtonen.
5:00 of 1st overtime period - Predators, Mikael Granlund.
5:00 of 1st overtime period - Wrist shot by Mikael Granlund.
5:00 of 1st overtime period - Shot Misses the Net.
5:00 of 1st overtime period - Round #3.
5:00 of 1st overtime period - Blackhawks, Antoine Roussel.
5:00 of 1st overtime period - Deke by Antoine Roussel.
5:00 of 1st overtime period - Goal by Antoine Roussel.